 Dungeon Crawl Stone Soup version 0.18.1-50-g88ac8fd (console) character file.

74 Kloppie the Ducker (level 4, 0/30 HPs)
             Began as a Merfolk Ice Elementalist on Oct 12, 2016.
             Succumbed to an adder's poison
             ... on level 3 of the Dungeon.
             The game lasted 00:04:31 (2283 turns).

Kloppie the Ducker (Merfolk Ice Elementalist)       Turns: 2283, Time: 00:04:32

Health: 0/30       AC:  2    Str:  5 (8)  XL:     4   Next: 28%
Magic:  5/7        EV: 13    Int: 13 (15) God:
Gold:   225        SH:  0    Dex: 12 (14) Spells: 2 memorised, 4 levels left

rFire  + . .     SeeInvis .     a - +1 short sword (venom)
rCold  + . .     Gourm    .     k - +0 robe
rNeg   . . .     Faith    .     (no shield)
rPois  +         Spirit   .     (no helmet)
rElec  +         Dismiss  .     (no cloak)
rCorr  +         Reflect  .     (no gloves)
SustAt .         Harm     .     (no boots)
MR     .....                    (no amulet)
Stlth  ++........               (no ring)
                                (no ring)

@: lethally poisoned (0 -> -3), resistant, not resistant to hostile
enchantments, unstealthy
A: change form in water, swift swim
a: no special abilities


You were on level 3 of the Dungeon.
You were not hungry.

You visited 1 branch of the dungeon, and saw 3 of its levels.

You collected 225 gold pieces.

Inventory:

Hand Weapons
 a - a +1 short sword of venom (weapon)
Armour
 k - a +0 robe (worn)
Jewellery
 o - an uncursed ring of protection from fire {unknown}
Scrolls
 e - a scroll of remove curse {unknown}
 g - 2 scrolls of identify {unknown}
 h - a scroll of teleportation {unknown}
 i - a scroll of enchant weapon {unknown}
 j - a scroll of fear {unknown}
 m - a scroll of enchant armour {unknown}
 q - a scroll of recharging {unknown}
Books
 b - a book of Frost

   Spells                             Type                      Level
   a - Freeze                         Ice                          1
   b - Throw Frost                    Conjuration/Ice              2
   c - Ozocubu's Armour               Charms/Ice                   3
   d - Throw Icicle                   Conjuration/Ice              4
   e - Summon Ice Beast               Ice/Summoning                4
Comestibles
 c - 2 bread rations
 f - a beef jerky
 l - 3 chunks of flesh


   Skills:
 + Level 2.1 Short Blades
 + Level 4.2 Dodging
 - Level 2.1 Stealth
 - Level 2.0 Spellcasting
 - Level 0.7 Conjurations
 + Level 4.1 Ice Magic


You had 4 spell levels left.
You knew the following spells:

 Your Spells              Type           Power        Failure   Level  Hunger
a - Freeze                Ice            ##..         6%          1    ##.....
b - Throw Frost           Conj/Ice       #.....       17%         2    ###....


Dungeon Overview and Level Annotations

Branches:
Dungeon (3/15)

Altars:


Message History

Drink which item? (? for menu, Esc to quit)
It was a potion of resistance.
You feel protected.
Drink which item? (? for menu, Esc to quit)
It was a potion of degeneration.
There was something very wrong with that liquid.
You feel weakened.
You feel dopey.
You feel clumsy.
* * * LOW HITPOINT WARNING * * *
You feel sick.
There is a lethal amount of poison in your body!
* * * LOW HITPOINT WARNING * * *
You feel sick.
Your transformation is almost over.
* * * LOW HITPOINT WARNING * * *
You feel sick.
* * * LOW HITPOINT WARNING * * *
You feel sick.
You feel less woody.
Your +0 robe unmelds from your body.
You die...

################
#...##.........%
#...##..........
##...##...(......
##....##.>........
###
##.....##......S...
..#
##..#...##.##.######
#.### #..####..@.#
.# #...# #)##
##......# ###.####.#
#.....### .........#
#.#...# ......####
##.##...#
........###....
#...#
....#.#.....###
#.(...
#####..>.#.... .....
##........


There were no monsters in sight!

Vanquished Creatures
  3 adders
  An ooze (D:3)
  A worm (D:2)
  A dart slug (D:1)
  A giant gecko (D:3)
  2 bats
  3 goblins
  7 hobgoblins
  2 jackals (D:3)
  2 quokkas (D:2)
  4 giant newts (D:2)
  4 kobolds
  8 rats
39 creatures vanquished.

Notes
Turn   | Place    | Note
--------------------------------------------------------------
     0 | D:1      | Kloppie the Merfolk Ice Elementalist began the quest for the Orb.
     0 | D:1      | Reached XP level 1. HP: 13/13 MP: 3/3
   579 | D:1      | Reached XP level 2. HP: 19/19 MP: 1/5
  1422 | D:2      | Learned a level 2 spell: Throw Frost
  1489 | D:2      | Reached XP level 3. HP: 17/24 MP: 2/6
  1831 | D:2      | Reached skill level 1 in Short Blades
  2251 | D:3      | Reached XP level 4. HP: 9/30 MP: 5/7
  2273 | D:3      | HP: 2/45 [poisoned by an adder]
  2279 | D:3      | HP: 1/45 [poisoned by an adder]
  2283 | D:3      | Succumbed to an adder's poison

Skill      XL: |  1  2  3 |
---------------+----------+-----
Dodging        | 3 4 |  4.2
Ice Magic      | 4 |  4.1
Short Blades   | 2 |  2.1
Stealth        | |  2.1
Spellcasting   | |  2.0
Conjurations   | |  0.7

Action                   |  1- 3 |  4- 6 || total
-------------------------+-------+-------++-------
Melee: Unarmed           |     4 |       ||     4
       Short sword       |    68 |       ||    68
 Cast: Freeze            |    30 |     4 ||    34
  Use: Potion            |       |     3 ||     3
 Stab: Sleeping          |     1 |       ||     1
  Eat: Chunk             |     5 |       ||     5
Armor: Robe              |     9 |       ||     9
       Skin              |       |     1 ||     1
Dodge: Dodged            |    70 |       ||    70
